 Dungeon Crawl Stone Soup version 0.30-a0-1008-g30c9307041 (webtiles) character file.

Game seed: 3218682932301877186

11 bearlyready the Chopper (level 2, -1/26 HPs)
             Began as an Armataur Berserker on Apr 5, 2023.
             Was a Follower of Trog.
             Frozen to death by an endoplasm (3 damage)
             ... on level 1 of the Dungeon.
             The game lasted 00:00:23 (194 turns).

bearlyready the Chopper (Armataur Berserker)         Turns: 194, Time: 00:00:23

Health: -1/26      AC:  4    Str: 22    XL:     2   Next: 13%
Magic:  2/2        EV:  9    Int: 13    God:    Trog [*.....]
Gold:   48         SH:  0    Dex:  9    Spells: 1/1 levels left

rFire   . . .      SeeInvis .    a - +0 hand axe
rCold   . . .      Faith    .    (no shield)
rNeg    . . .      Spirit   .    b - +0 animal skin
rPois   .          Reflect  .    (no helmet)
rElec   .          Roll     +    (no cloak)
rCorr   .                        (no gloves)
Will    .....                    (no barding)
Stlth   +                        (no amulet)
HPRegen 0.24/turn                c - +6 ring of intelligence
MPRegen 0.08/turn                (no ring)

@: no status effects
A: large, rugged brown scales 3, deformed body, armoured tail, roll, long
tongue, awkward tongue
a: Renounce Religion, Berserk


You were on level 1 of the Dungeon.
You worshipped Trog.
Trog was aware of your devotion.
You visited 1 branch of the dungeon, and saw 1 of its levels.

You collected 48 gold pieces.

Inventory:

Hand Weapons
 a - a +0 hand axe (weapon)
Armour
 b - a +0 animal skin (worn)
Jewellery
 c - a +6 ring of intelligence (left hand)
Scrolls
 d - a scroll of enchant weapon {unknown}
 e - a scroll of identify {unknown}


   Skills:
 - Level 2.6 Fighting
 + Level 3.0 Axes
 - Level 2.4 Armour
 - Level 1.3 Dodging


You had one spell level left.
You didn't know any spells.
Your spell library was empty.

Dungeon Overview and Level Annotations

Branches:
Dungeon (1/15)

Altars:


Innate Abilities, Weirdness & Mutations

You are completely covered in rugged brown scales. (AC +3, +7% HP)
Armour fits poorly on your strangely shaped body.
You have a long armoured tail.
You roll when moving toward enemies. (Rampage)
Your long tongue fully drains potion bottles. (2x potion effects)
Your tongue gives you trouble enunciating. (1.5x scroll delay)


Message History

You hit the jackal but do no damage.
The jackal bites you but does no damage. x2
An endoplasm comes into view.
The jackal bites you. x2
The jackal bites you but does no damage.
You hit the jackal but do no damage.
The jackal is lightly wounded.
You hit the jackal.
You kill the jackal!
Trog accepts your kill.
You hit the jackal.
You kill the jackal!
Trog accepts your kill. The jackal bites you. The jackal misses you.
Your Axes skill increases to level 3!
You have reached level 2!
You hit the jackal.
You kill the jackal!
Trog accepts your kill.
Found 12 gold pieces.
The endoplasm closely misses you. The endoplasm freezes you.
You are frozen.
* * * LOW HITPOINT WARNING * * *
Found a scroll labelled LAOPNUO FALLU.
The endoplasm hits you but does no damage.
You hit the endoplasm.
The endoplasm is heavily wounded.
The endoplasm freezes you.
You are frozen.
* * * LOW HITPOINT WARNING * * *
You completely miss the endoplasm.
You tail-slap the endoplasm, but do no damage.
The endoplasm is moderately wounded.
The endoplasm hits you.
* * * LOW HITPOINT WARNING * * *
You hit the endoplasm.
The endoplasm is almost dead.
The endoplasm freezes you.
You are frozen.
You die...

################# ######
...............$##.....#
##########..............
#...............
#.....†.@.....$.
#.......J......?
#............... #
#.)............. .##
#>.............. ..##
##..$........... #..#
####.....#......#
.#.###...##..####.######
.#....##.##.# .#


You could see an endoplasm.

Vanquished Creatures
  An endoplasm (D:1)
  A giant cockroach (D:1)
  4 jackals (D:1)
  A kobold (D:1)
  A quokka (D:1)
8 creatures vanquished.

Notes
Turn   | Place    | Note
-------+----------+-------------------------------------------
     0 | D:1      | bearlyready the Armataur Berserker began the quest for the
                  | Orb.
     0 | D:1      | Reached XP level 1. HP: 19/19 MP: 1/1
   187 | D:1      | Reached skill level 3 in Axes
   187 | D:1      | Reached XP level 2. HP: 10/26 MP: 2/2
   193 | D:1      | HP: 1/26 [endoplasm (1)]
   194 | D:1      | Frozen to death by an endoplasm

Illustrated notes

Levels and vault maps discovered:
D:1:      wander_arrival_peaceful_grave, layout_rooms, minmay_split_cup_large

Skill      XL: |  1 |
---------------+----+-----
Axes           | 3 |  3.0
Fighting       | |  2.6
Armour         | |  2.4
Dodging        | |  1.3

Action                     || total
---------------------------++-------
  Melee: Hand axe          ||    18
         Tailslap          ||     3
 Armour: Animal skin       ||    14
  Dodge: Dodged            ||    14

Table legend: (Time is in decaauts)
 A = Elapsed time spent in this place.
 B = Non-inter-level travel time spent in this place.
 C = Inter-level travel time spent in this place.
 D = Time resting spent in this place.
 E = Time spent auto-exploring this place.
 F = Levels seen in this place.
 G = Mean time per level.
                   A        B        C        D        E       F      G
               +--------+--------+--------+--------+--------+-----+--------+
         Total |    196 |    196 |      0 |      0 |    141 |   1 |  196.0 |
       Dungeon |    196 |    196 |      0 |      0 |    141 |   1 |  196.0 |
               +--------+--------+--------+--------+--------+-----+--------+

Top non-repeatable levels by time:
     D:1: 196 daAuts
